 Dungeon Crawl Stone Soup version 0.21-a0-203-gb066a6e (webtiles) character file.

6 Helio the Sneak (level 1, -29/9 HPs)
             Began as a Spriggan Enchanter on Aug 19, 2017.
             Killed from afar by a bat (37 damage)
             ... with an exploding inner flame
             ... hexed by the player character
             ... on level 1 of the Dungeon.
             The game lasted 00:01:20 (155 turns).

Helio the Sneak (Spriggan Enchanter)                 Turns: 155, Time: 00:01:20

Health: -29/9      AC:  2    Str:  4    XL:     1   Next: 75%
Magic:  5/5        EV: 18    Int: 16    God:
Gold:   0          SH:  0    Dex: 16    Spells: 5/6 levels left

rFire    . . .     SeeInvis +   a - +1 dagger
rCold    . . .     Gourm    .   (shield restricted)
rNeg     . . .     Faith    .   b - +0 robe
rPois    .         Spirit   .   (helmet restricted)
rElec    .         Reflect  .   (no cloak)
rCorr    .         Harm     .   (gloves unavailable)
MR       .....                  (boots unavailable)
Stlth    +++.......             (no amulet)
HPRegen  0.03/turn              g - ring of wizardry
MPRegen  0.09/turn              (no ring)

@: very quick
A: unfitting armour, see invisible, herbivore 3, speed 3, slow metabolism 2
a: no special abilities


You were on level 1 of the Dungeon.
You were not hungry.

You visited 1 branch of the dungeon, and saw 1 of its levels.

Inventory:

Hand Weapons
 a - a +1 dagger (weapon)
Armour
 b - a +0 robe (worn)
Jewellery
 g - a ring of wizardry (left hand)
Scrolls
 f - a scroll of enchant armour {unknown}
Potions
 e - 2 potions of mutation {unknown}
Books
 c - a book of Maledictions

   Spells                             Type                      Level
   a - Corona                         Hexes                        1
   b - Ensorcelled Hibernation        Hexes/Ice                    2
   c - Confuse                        Hexes                        3
   d - Tukima's Dance                 Hexes                        3
   e - Dazzling Spray                 Conjuration/Hexes            3
Comestibles
 d - a bread ration


   Skills:
 - Level 1.1 Short Blades
 - Level 3.0 Dodging
 - Level 4.4 Stealth
 + Level 3.1 Spellcasting
 + Level 3.9 Hexes


You had 5 spell levels left.
You knew the following spells:

 Your Spells              Type           Power        Failure   Level  Hunger
a - Corona                Hex            ###....      1%          1    #......


Dungeon Overview and Level Annotations

Branches:
Dungeon (1/15)

Altars:


Innate Abilities, Weirdness & Mutations

You are very small and have problems with some larger weapons.
You are too small for most types of armour.
You have supernaturally acute eyesight. (SInv)
You are a herbivore.
You cover ground extremely quickly.
You need consume almost no food.


Message History

The bat closely misses you.
You hit the bat.
The bat is severely wounded.
The bat closely misses you. The kobold closely misses you.
The bat closely misses you. The bat barely misses you.
The kobold hits you but does no damage. The bat closely misses you.
The bat closely misses you. The bat hits you but does no damage.
Found 2 yellow potions and two ring mails.
You see here 2 yellow potions.
The kobold misses you.
You see here 2 yellow potions.
e - 2 yellow potions The bat closely misses you.
The kobold misses you. The bat hits you.
You hit the bat.
The bat explodes!
The fiery explosion engulfs you!
Ouch! That really hurt!
You die...

..........#
#...#
.............
##..##
.#####.......#
#r..# .#
#.......# #...#
.# #.......#
#b.># .#
#.......# #r###
. ####l#####
....##..K....[#
........@......#
.###...§§§.....#
#...§§......#
#...........#
#...........#
#...[.......#
#...........#
#...###......


You could see a kobold, a frilled lizard (inner flame) and a rat.

Vanquished Creatures
  An ooze (D:1)
  A bat (D:1)
2 creatures vanquished.

Notes
Turn   | Place    | Note
-------+----------+-------------------------------------------
     0 | D:1      | Helio the Spriggan Enchanter began the quest for the Orb.
     0 | D:1      | Reached XP level 1. HP: 9/9 MP: 5/5
     2 | D:1      | Noticed a minotaur
     2 | D:1      | Noticed a demigod
     4 | D:1      | Noticed an ogre
     4 | D:1      | Noticed a halfling
     6 | D:1      | Noticed a spriggan
     8 | D:1      | Noticed a troll
     8 | D:1      | Noticed a tengu
    10 | D:1      | Noticed an octopode
    10 | D:1      | Noticed a demonspawn
    12 | D:1      | Noticed a formicid
    14 | D:1      | Noticed a vampire
    16 | D:1      | Noticed a dwarf
    16 | D:1      | Noticed a human
    18 | D:1      | Noticed a centaur
    20 | D:1      | Noticed an elf
    20 | D:1      | Noticed a gargoyle
    22 | D:1      | Noticed a draconian
    22 | D:1      | Noticed a ghoul
    24 | D:1      | Noticed a merfolk
    24 | D:1      | Noticed a naga
    26 | D:1      | Noticed a felid
    26 | D:1      | Noticed a vine stalker
   155 | D:1      | Killed from afar by a bat

Vault maps used:
D:1:      kb_arrival_jail, minivault_24, minmay_tetromino_o4

Skill      XL: |  1 |
---------------+----+-----
Spellcasting   | 3 |  3.1
Short Blades   | |  1.1
Dodging        | |  3.0
Stealth        | |  4.4
Hexes          | |  3.9

Action                   || total
-------------------------++-------
Melee: Dagger            ||    11
  Use: Scroll            ||     3
 Stab: Sleeping          ||     1
Armor: Robe              ||     6
Dodge: Dodged            ||    32
